 Dungeon Crawl Stone Soup version 0.31-a0-986-g5e6e4ef867 (webtiles) character file.

Game seed: 855009195535463828

1863 mandarbmax the Thrower (level 9, -3/72 HPs)
             Began as a Meteoran Wanderer on Nov 12, 2023.
             Was a Believer of Okawaru.
             Slain by a mummy (15 damage)
             ... in an ossuary.
             The game lasted 00:35:04 (2858 turns).

mandarbmax the Thrower (Meteoran Wanderer)          Turns: 2858, Time: 00:35:05

Health: -3/72      AC:  8    Str: 26    XL:     9   Next: 61%
Magic:  13/13      EV: 11    Int: 15    God:    Okawaru [**....]
Gold:   264        SH:  0    Dex:  4    Spells: 7/10 levels left

rFire   . . .        n - +6 dagger "Kiereeh" {venom, rC+ Str+4}
rCold   + + .        (no shield)
rNeg    . . .        i - +0 ring mail
rPois   +            (no helmet)
rElec   +            (no cloak)
rCorr   +            k - +1 pair of gloves
SInv    +            (no boots)
Will    +....        (no amulet) Stlth
                     f - ring "Peahof" {rElec rPois rCorr Dex-5 SInv}
HPRegen 0.32/turn    r - ring of protection from cold
MPRegen 0.13/turn

%: no passive effects
@: glowing
A: sense surroundings 2, otherworldly, glowing, explore regen
a: Renounce Religion, Heroism


You were in an ossuary.
You worshipped Okawaru.
Okawaru was pleased with you.
You visited 2 branches of the dungeon, and saw 8 of its levels.
You also visited: Sewer and Ossuary.

You collected 264 gold pieces.

Inventory:

Hand Weapons
 a - a +1 mace
 n - the +6 dagger "Kiereeh" (weapon) {venom, rC+ Str+4}
   (You found it on level 5 of the Dungeon)

   Str+4:     It affects your strength (+4).
   rC+:       It protects you from cold.
Missiles
 b - 23 poisoned darts
Armour
 i - a +0 ring mail (worn)
 k - a +1 pair of gloves (worn)
Jewellery
 f - the ring "Peahof" (left hand) {rElec rPois rCorr Dex-5 SInv}
   (You acquired it on level 6 of the Dungeon)

   [ring of resist corrosion]

   Dex-5:     It affects your dexterity (-5).
   rElec:     It insulates you from electricity.
   rPois:     It protects you from poison SInv: It lets you see invisible.
   rCorr:     It protects you from acid and corrosion.
 r - a ring of protection from cold (right hand)
Talismans
 c - a blade talisman
 o - a maw talisman
 s - a beast talisman
Wands
 g - a wand of digging (5)
Scrolls
 d - a scroll of immolation
 e - 2 scrolls of enchant weapon
 j - a scroll of vulnerability {unknown}
 u - a scroll of fear
Potions
 h - a potion of invisibility {unknown}
 l - a potion of degeneration {unknown}
 m - a potion of lignification
 p - a potion of might {unknown}
 q - 3 potions of heal wounds
 t - 2 potions of mutation {unknown}
 w - 2 potions of berserk rage {unknown}


   Skills:
 + Level 4.4 Fighting
 + Level 1.2 Short Blades
 - Level 2.6 Maces & Flails
 * Level 10.9 Throwing
 + Level 4.4 Armour
 - Level 3.0 Dodging
 - Level 1.0 Stealth
 - Level 1.3 Spellcasting
 - Level 2.4 Translocations
 + Level 4.2 Invocations
 - Level 1.2 Evocations


You had 7 spell levels left.
You knew the following spells:

 Your Spells              Type           Power      Damage    Failure   Level
a - Apportation           Tloc           16%        N/A       13%         1
b - Blink                 Tloc           16%        N/A       19%         2

Your spell library contained the following spells:

 Spells                   Type           Power      Damage    Failure   Level
 Lesser Beckoning         Tloc           16%        N/A       19%         2
 Momentum Strike          Conj/Tloc      8%         3d8       32%         2
 Gell's Gravitas          Tloc           8%         N/A       36%         3
 Teleport Other           Tloc           8%         N/A       36%         3
 Cigotuvi's Dreadful Rot  Necr/Pois/Air  2%         N/A       45%         2
 Ignite Poison            Fire/Tmut/Pois 1%         N/A       71%         3
 Olgreb's Toxic Radiance  Pois           1%         N/A       98%         4
 Freezing Cloud           Conj/Ice/Air   0%         6-21      100%        5
 Discord                  Hex            0%         N/A       100%        8
 Ignition                 Fire           0%         3d3       100%        8


Dungeon Overview and Level Annotations

Branches:
Dungeon (7/15) Zot: 2073   Temple (1/1) D:4 Zot: 543   Sewer (visited)
Ossuary (1/1) Zot: 317

Altars:
Ashenzari
Cheibriados
Dithmenos
Fedhas
Kikubaaqudgha
Makhleb
Nemelex Xobeh
Okawaru
Qazlal
Ru
Sif Muna
Uskayaw
Vehumet
Xom
Yredelemnul
Zin
The Shining One

Shops:
D:6 =:


Innate Abilities, Weirdness & Mutations

You passively map the area around you.
You are easily found by Zot.
You glow in the dark.
You regain HP and MP as you explore.


Message History

You hit the human zombie.
The human zombie is almost destroyed.
The human zombie hits you but does no damage.
You closely miss the human zombie.
The human zombie is almost destroyed.
You hit the human zombie.
The human zombie is almost destroyed.
The human zombie hits you but does no damage.
You hit the human zombie.
The human zombie is almost destroyed.
The human zombie barely misses you.
You puncture the human zombie!
You destroy the human zombie!
Okawaru accepts your kill.
An orc zombie comes into view.
The orc zombie barely misses you.
You puncture the orc zombie!
The orc zombie is almost destroyed.
You hit the orc zombie.
You destroy the orc zombie!
Okawaru accepts your kill.
You open the door.
A mummy comes into view.
Found 39 gold pieces.
Found a gate leading back out of this place.
You hit the mummy.
The mummy is lightly damaged.
You hit the mummy.
The mummy is moderately damaged.
The mummy hits you!
* * * LOW HITPOINT WARNING * * *
You hit the mummy.
The mummy is moderately damaged.
The mummy hits you but does no damage.
You hit the mummy.
The mummy is heavily damaged.
You hit the mummy but do no damage.
The mummy is heavily damaged.
The mummy hits you!
You die...

################### *
#.................. *
#..................
#....#'#......###.. *
#...##.##....##∩ * ,,*
#...#...#....#.$, , *
#...###.#....#$$, *
#..##.#.##..###M###,
#..#..#..#..#...@.#
#∩.#'##..#..###.###
#..#.....#..# #.# *,,
#..#..####..# #.# *
#∩.#..#..#..#+#.#+# ,*
#..#..#..#..#.....#
#..##.#.##..##...##,,#
#...#.#'#....#...# .#
#...#...#....#...# ..#


You could see a mummy.

Vanquished Creatures
  A water moccasin (D:7)
  2 ice beasts (D:7)
  A black bear (D:5)
  A centaur (D:4)
  2 phantoms
  3 kobold brigands (Sewer)
  2 elf zombies (Ossuary)
  A scorpion (D:4)
  2 human zombies (Ossuary)
  3 jellies
  6 hounds
  5 orc priests
  3 orc wizards
  A sleepcap (D:4)
  A hound zombie (Ossuary)
  A mummy (Ossuary)
  8 adders
  3 river rats (Sewer)
  A white imp (D:6)
  5 adder zombies (Ossuary)
  A worm (D:4)
  2 dart slugs (D:5)
  12 orcs
  4 endoplasms
  5 giant cockroaches
  A goblin (D:1)
  4 hobgoblins
  4 jackals (Sewer)
  6 quokkas
  7 ball pythons
  7 bats
  6 frilled lizards
  A gnoll zombie (Ossuary)
  A goblin zombie (Ossuary)
  4 hobgoblin zombies (Ossuary)
  2 jackal zombies (Ossuary)
  7 kobolds
  3 kobold zombies (Ossuary)
  2 orc zombies (Ossuary)
  3 quokka zombies (Ossuary)
  9 rats
  4 rat zombies (Ossuary)
147 creatures vanquished.

Notes
Turn   | Place    | Note
-------+----------+-------------------------------------------
     0 | D:1      | mandarbmax the Meteoran Wanderer began the quest for the
                  | Orb.
     0 | D:1      | mandarbmax set off with the following items: a +0 mace, 10
                  | poisoned darts, a +0 dagger, a scroll of fear, a +0 leather
                  | armour; and the following spell memorised: Apportation; and
                  | the following spells available to memorise: Blink, Momentum
                  | Strike.
     0 | D:1      | Reached XP level 1. HP: 14/14 MP: 3/3
    57 | D:1      | Reached skill level 4 in Throwing
    57 | D:1      | Reached XP level 2. HP: 20/20 MP: 5/5
   182 | D:2      | Learned a level 2 spell: Blink
   301 | D:2      | You fall into a shaft and drop 1 floor!
   306 | D:3      | Found a shadowy altar of Dithmenos.
   325 | D:3      | Reached skill level 5 in Throwing
   325 | D:3      | Reached XP level 3. HP: 24/26 MP: 6/6
   449 | D:3      | Reached XP level 4. HP: 18/33 MP: 7/7
   450 | D:3      | Reached skill level 6 in Throwing
   536 | D:3      | Reached XP level 5. HP: 33/38 MP: 8/8
   701 | D:4      | Noticed a phantom
   712 | D:4      | Killed a phantom
   713 | D:4      | Reached skill level 7 in Throwing
   713 | D:4      | Reached XP level 6. HP: 44/45 MP: 9/9
   801 | D:4      | Noticed a centaur
   814 | D:4      | HP: 1/45 [centaur/arrow (12)]
   816 | D:4      | Killed a centaur
   817 | D:4      | Reached skill level 8 in Throwing
   867 | D:4      | Found a staircase to the Ecumenical Temple.
   878 | D:4      | Reached XP level 7. HP: 45/51 MP: 10/10
   886 | Temple   | Entered the Ecumenical Temple
   914 | Temple   | Became a worshipper of Warmaster Okawaru
   976 | D:4      | Reached skill level 1 in Dodging
  1020 | D:4      | Reached skill level 1 in Fighting
  1020 | D:4      | Reached skill level 1 in Armour
  1277 | D:4      | Reached * piety under Okawaru
  1291 | D:5      | Entered Level 5 of the Dungeon
  1316 | D:5      | Reached skill level 9 in Throwing
  1316 | D:5      | Reached XP level 8. HP: 53/61 MP: 11/11
  1473 | D:5      | Found a shimmering blue altar of Sif Muna.
  1473 | D:5      | Found a glowing golden altar of the Shining One.
  1474 | D:5      | Found a sacrificial altar of Ru.
  1626 | D:5      | Reached skill level 1 in Invocations
  1642 | D:5      | Identified the +6 dagger "Kiereeh" {venom, rC+ Str+4}
  1686 | D:6      | Identified a scroll of acquirement
  1688 | D:6      | Acquired the ring "Peahof" {rElec rPois rCorr Dex-5 SInv}
  1765 | D:6      | Found Wibop's Jewellery Boutique.
  1782 | D:6      | Found Mystraf's Book Shop.
  1938 | D:6      | Found a glowing drain.
  1949 | Sewer    | Entered a sewer
  1991 | Sewer    | Reached ** piety under Okawaru
  2099 | Sewer    | Reached skill level 10 in Throwing
  2099 | Sewer    | Gained mutation: You passively map the area around you.
                  | [Meteoran growth]
  2099 | Sewer    | Reached XP level 9. HP: 50/70 MP: 12/12
  2361 | Sewer    | Glimpsed the power of Zot.
  2568 | D:7      | Found a sand-covered staircase.
  2573 | Ossuary  | Entered an ossuary
  2821 | Ossuary  | Reached skill level 1 in Short Blades
  2858 | Ossuary  | Slain by a mummy

Illustrated notes

Levels and vault maps discovered:
D:1:      erik_arrival_triangle_small, layout_rooms, minmay_tetromino_t2
D:2:      layout_loops_cross, basic_altar, dreamdust_ecumenical_altar_statues,
          uniq_jessica, uniq_sigmund, uniq_robin
D:3:      layout_loops_ring, lemuel_round_altar, mainiacjoe_overflow_catwalk
D:4:      layout_layer_cave, minmay_temple_entry_glassed_door, st_stairs_6
D:5:      layout_loops_ring, gammafunk_temple_overflow_claw,
          amcnicky_altar_gilded
D:6:      layout_basic, gup_sewer_entry_bubbles, serial_shops, shop,
          nicolae_shop_gaudy_bauble
D:7:      layout_basic, trog_ov_bears_minmay, enter_ossuary_2, enter_bailey_5
Temple:   oiseaux_autumnal_temple
Ossuary:  minmay_ossuary_two_tombs

Skill      XL: |  1  2  3  4  5  6  7  8  9 |
---------------+----------------------------+-----
Throwing       | 4 5 6 7 8 9 10 | 10.9
Dodging        | 2 3 |  3.0
Fighting       | 2 3 4 |  4.4
Armour         | 2 3 4 |  4.4
Invocations    | 2 4 |  4.2
Short Blades   | 1 |  1.2
Maces & Flails | |  2.6
Stealth        | |  1.0
Spellcasting   | |  1.3
Translocations | |  2.4
Evocations     | |  1.2

Action                     |  1- 3 |  4- 6 |  7- 9 || total
---------------------------+-------+-------+-------++-------
  Melee: Mace              |    85 |    44 |   113 ||   242
         Punch             |       |     1 |     7 ||     8
         Dagger            |       |       |   286 ||   286
  Throw: Dart              |    30 |     8 |   118 ||   156
         Boomerang         |     1 |    34 |     5 ||    40
  Evoke: Wand              |       |       |    18 ||    18
    Use: Potion            |     4 |     1 |       ||     5
         Scroll            |     1 |     4 |     5 ||    10
 Armour: Leather armour    |    17 |       |       ||    17
         Ring mail         |    78 |    47 |   275 ||   400
  Dodge: Dodged            |    75 |    31 |   247 ||   353
         Form:             |     1 |       |       ||     1
         Blade             |     1 |       |       ||     1

Table legend: (Time is in decaauts)
 A = Elapsed time spent in this place.
 B = Non-inter-level travel time spent in this place.
 C = Inter-level travel time spent in this place.
 D = Time resting spent in this place.
 E = Time spent auto-exploring this place.
 F = Levels seen in this place.
 G = Mean time per level.
                   A        B        C        D        E       F      G
               +--------+--------+--------+--------+--------+-----+--------+
         Total |   3005 |   2949 |     56 |      0 |    207 |  10 |  300.5 |
       Dungeon |   2126 |   2125 |      1 |      0 |      3 |   7 |  303.7 |
        Temple |     56 |      1 |     55 |      0 |      0 |   1 |   56.0 |
         Sewer |    540 |    540 |      0 |      0 |    204 |   1 |  540.0 |
       Ossuary |    281 |    281 |      0 |      0 |      0 |   1 |  281.0 |
               +--------+--------+--------+--------+--------+-----+--------+

Top non-repeatable levels by time:
     D:4: 569 daAuts
   Sewer: 540 daAuts
     D:5: 391 daAuts
     D:6: 389 daAuts
     D:3: 372 daAuts
 Ossuary: 281 daAuts
     D:1: 259 daAuts
     D:2: 73 daAuts
     D:7: 70 daAuts
  Temple: 56 daAuts
